 Dungeon Crawl Stone Soup version 0.30.0-12-gd5a94ecb5d (webtiles) character file.

Game seed: 17918563718030128845

222 Thargor the Firebug (level 5, -2/41 HPs)
             Began as a Hill Orc Fire Elementalist on May 17, 2023.
             Slain by a gnoll
             ... wielding a +0 spear
              (4 damage)
             ... on level 3 of the Dungeon.
             The game lasted 00:07:35 (3766 turns).

Thargor the Firebug (Hill Orc Fire Elementalist)    Turns: 3766, Time: 00:07:35

Health: -2/41      AC:  3    Str: 12 (13) XL:     5   Next: 99%
Magic:  3/8        EV: 12    Int: 20 (21) God:
Gold:   131        SH:  0    Dex:  8 (11) Spells: 2/8 levels left

rFire   . . .        j - +0 hand axe
rCold   . . .        (no shield)
rNeg    . . .        o - +0 robe {Will+}
rPois   .            (no helmet)
rElec   .            n - +0 cloak
rCorr   .            (no gloves)
SInv    .            (no boots)
Will    +....        (no amulet)
Stlth   +            m - +6 ring of intelligence
HPRegen 0.26/turn    (no ring)
MPRegen 0.11/turn

%: no passive effects
@: no status effects
A: no striking features
a: no special abilities


You were on level 3 of the Dungeon.
You visited 1 branch of the dungeon, and saw 3 of its levels.

You collected 131 gold pieces.

Inventory:

Hand Weapons
 j - a +0 hand axe (weapon)
Armour
 f - a +0 plate armour
 n - a +0 cloak (worn)
 o - a +0 robe of willpower (worn)
Jewellery
 m - a +6 ring of intelligence (left hand)
 q - a +6 ring of dexterity
Scrolls
 a - a scroll of acquirement {unknown}
 c - 2 scrolls of teleportation {unknown}
 d - 3 scrolls of noise
 e - a scroll of blinking {unknown}
 k - a scroll of identify {unknown}
 l - a scroll of immolation {unknown}
 p - a scroll of magic mapping
 s - a scroll of poison {unknown}
Potions
 b - a potion of magic
 g - a potion of berserk rage {unknown}
 h - a potion of heal wounds {unknown}
 i - a potion of mutation {unknown}
 r - a potion of degeneration
 t - 2 potions of resistance {unknown}


   Skills:
 + Level 2.2 Fighting
 + Level 2.1 Axes
 + Level 2.0 Armour
 + Level 2.3 Dodging
 - Level 1.5 Stealth
 + Level 2.2 Spellcasting
 + Level 2.2 Conjurations
 + Level 4.0 Fire Magic


You had 2 spell levels left.
You knew the following spells:

 Your Spells              Type           Power      Damage    Failure   Level
a - Foxfire               Conj/Fire      56%        2x1d6     4%          1
b - Scorch                Fire           36%        2d6       4%          2
c - Volatile Blastmotes   Fire/Tloc      20%        2d11      21%         3

Your spell library contained the following spells:

 Spells                   Type           Power      Damage    Failure   Level
 Inner Flame              Hex/Fire       10%        N/A       21%         3
 Flame Wave               Conj/Fire      14%        2d6       38%         4


Dungeon Overview and Level Annotations

Branches:
Dungeon (3/15)

Altars:
Gozag
Nemelex Xobeh
Okawaru
Qazlal
Vehumet


Message History

The gnoll barely misses you.
You hit the gnoll but do no damage.
The gnoll is heavily wounded.
The foxfire hits the gnoll.
The gnoll is heavily wounded.
The foxfire hits the gnoll.
The gnoll is almost dead.
The gnoll closely misses you.
A gnoll comes into view. It is wielding a +0 flail.
The gnoll closely misses you. The gnoll hits you with a +0 spear.
The gnoll barely misses you. The gnoll hits you with a +0 spear.
The gnoll closely misses you.
Casting: Foxfire (safe; 4% risk of failure)
Confirm with . or Enter, or press ? or * to list all spells.
You conjure some foxfire!
The gnoll shouts!
The gnoll hits you but does no damage.
The gnoll hits you from afar with a +0 spear.
* * * LOW HITPOINT WARNING * * *
The gnoll hits you from afar with a +0 spear!
* * * LOW HITPOINT WARNING * * *
As you read the scroll labelled ZAIMOTH EKHIGA, it crumbles to dust.
You hear a loud clanging noise!
It was a scroll of noise.
The foxfire hits the gnoll.
You kill the gnoll!
The foxfire hits the gnoll.
The gnoll is almost dead.
The gnoll barely misses you. x2
As you read the scroll labelled USOIPT QIEGICS, it crumbles to dust.
You feel aware of your surroundings.
It was a scroll of magic mapping.
The gnoll hits you with a +0 spear.
* * * LOW HITPOINT WARNING * * *
The gnoll hits you but does no damage.
It was a potion of degeneration.
There was something very wrong with that liquid.
You feel weakened.
You feel dopey.
You feel clumsy.
The gnoll hits you from afar with a +0 spear.
* * * LOW HITPOINT WARNING * * *
The gnoll hits you with a +0 spear.
You die...

..#.≈.####....≈.#..,..#...##
####
#.#.≈.....≈≈≈≈≈.#.###.##+##
# #.#.≈≈≈≈≈≈......#.###,**,*
# #.#.......#######..##.#*,*
#
..########............#*,**
* ..#
######.......#,,,******* ..#
##g.##.#..,,,*,,,,, ..#
#..#...#.,,**,**** .##
#@.g....#,***,* .#
#g...^.##****>* .#
#.###....,,,,,* .#
#.#**§###****** ## #..,,,#
###****


You could see 3 gnolls.

Vanquished Creatures
  Crazy Yiuf (D:2)
  Natasha (thrice) (D:2)
  5 adders
  A gnoll (D:3)
  A worm (D:2)
  A dart slug (D:3)
  8 orcs
  7 ball pythons
  4 endoplasms
  A giant cockroach (D:3)
  7 goblins
  2 hobgoblins
  3 jackals (D:3)
  A bat (D:3)
  2 frilled lizards
  3 kobolds (D:3)
  4 rats
54 creatures vanquished.

Vanquished Creatures (others)
  199 foxfires
199 creatures vanquished.

Grand Total: 253 creatures vanquished

Notes
Turn   | Place    | Note
-------+----------+-------------------------------------------
     0 | D:1      | Thargor the Hill Orc Fire Elementalist began the quest for
                  | the Orb.
     0 | D:1      | Reached XP level 1. HP: 14/14 MP: 3/3
   519 | D:1      | Found a faded altar of an unknown god.
   699 | D:1      | Reached XP level 2. HP: 15/22 MP: 0/4
  1125 | D:2      | Reached skill level 1 in Fighting
  1266 | D:2      | Noticed Natasha
  1269 | D:2      | Reached skill level 1 in Armour
  1269 | D:2      | Reached XP level 3. HP: 28/28 MP: 0/5
  1487 | D:2      | Reached skill level 1 in Axes
  1753 | D:2      | Learned a level 2 spell: Scorch
  1824 | D:2      | Killed Natasha
  1825 | D:2      | Reached XP level 4. HP: 22/35 MP: 1/6
  1947 | D:2      | Noticed Natasha
  1958 | D:2      | Killed Natasha
  2232 | D:2      | Found a runed translucent door.
  2233 | D:2      | Noticed Crazy Yiuf
  2261 | D:2      | Noticed Natasha
  2271 | D:2      | Killed Natasha
  2272 | D:2      | Reached XP level 5. HP: 33/41 MP: 3/8
  2537 | D:2      | Killed Crazy Yiuf
  2700 | D:3      | Learned a level 3 spell: Volatile Blastmotes
  2760 | D:3      | Found an iron altar of Okawaru.
  2989 | D:3      | Identified the +2 dagger of the Living Dead {speed, rF+
                  | rC+}
  3314 | D:3      | Found a stormy altar of Qazlal.
  3383 | D:3      | Reached skill level 4 in Fire Magic
  3620 | D:3      | Found a sparkling altar of Nemelex Xobeh.
  3742 | D:3      | Found an opulent altar of Gozag.
  3743 | D:3      | Found a radiant altar of Vehumet.
  3766 | D:3      | HP: 2/41 [gnoll/+0 spear (2)]
  3766 | D:3      | Slain by a gnoll

Illustrated notes

Levels and vault maps discovered:
D:1:      sevenhm_arrival_forest_fort_small_4, layout_loops_corners,
          shapermc_ecumenical_altar_ellora, minmay_tree_intersection
D:2:      layout_basic, uniq_natasha, uniq_crazy_yiuf_cottage
D:3:      layout_loops_corners, okawaru_gym_becter, overflow_temple_1_default,
          nicolae_overflow_squiral, nicolae_qazlal_general_emergency

Skill      XL: |  1  2  3  4  5 |
---------------+----------------+-----
Fighting       | 1 2 |  2.2
Armour         | 1 2 |  2.0
Axes           | 1 2 |  2.1
Dodging        | 2 |  2.3
Spellcasting   | 2 |  2.2
Conjurations   | 2 |  2.2
Fire Magic     | 4 |  4.0
Stealth        | |  1.5

Action                     |  1- 3 |  4- 6 || total
---------------------------+-------+-------++-------
  Melee: Unarmed           |     3 |       ||     3
         Hand axe          |     2 |    12 ||    14
   Cast: Foxfire           |    44 |    77 ||   121
         Scorch            |       |     8 ||     8
    Use: Scroll            |       |     2 ||     2
         Potion            |       |     1 ||     1
 Armour: Robe              |     1 |     6 ||     7
  Dodge: Dodged            |     7 |    20 ||    27
